 Dungeon Crawl Stone Soup version 0.23.2-1-ga50397a (webtiles) character file.

Game seed: 4729289300874648644

109 Kahsius the Chopper (level 4, -2/41 HPs)
             Began as a Minotaur Berserker on Apr 25, 2019.
             Was a Believer of Trog.
             Killed by nerve-wracking pain
             ... invoked by an orc priest
              (9 damage)
             ... on level 3 of the Dungeon.
             The game lasted 00:04:12 (1687 turns).

Kahsius the Chopper (Minotaur Berserker)            Turns: 1687, Time: 00:04:13

Health: -2/41      AC: 11    Str: 22    XL:     4   Next: 60%
Magic:  3/3        EV:  4    Int:  4    God:    Trog [**....]
Gold:   135        SH:  7    Dex: 10    Spells: 3/3 levels left

rFire    . . .     SeeInvis .   a - +0 hand axe
rCold    . . .     Gourm    .   n - +0 shield
rNeg     . . .     Faith    .   j - +0 plate armour
rPois    .         Spirit   .   (helmet restricted)
rElec    .         Reflect  .   (no cloak)
rCorr    .         Harm     .   (no gloves)
MR       .....                  (no boots)
Stlth    ..........             (no amulet)
HPRegen  0.13/turn              (no ring)
MPRegen  0.08/turn              (no ring)

@: berserk cooldown, slowed, very slow
A: retaliatory headbutt, horns 2
a: Berserk, Trog's Hand, Renounce Religion


You were on level 3 of the Dungeon.
You worshipped Trog.
Trog was pleased with you.
You were hungry.

You visited 1 branch of the dungeon, and saw 3 of its levels.

You collected 135 gold pieces.

Inventory:

Hand Weapons
 a - a +0 hand axe (weapon)
Armour
 b - a +0 animal skin
 j - a +0 plate armour (worn)
 k - a cursed +0 cloak
 n - a +0 shield (worn)
Jewellery
 f - an uncursed ring of poison resistance {unknown}
 l - an uncursed amulet of guardian spirit {unknown}
Scrolls
 e - 2 scrolls of enchant weapon {unknown}
 g - a scroll of amnesia {unknown}
 h - a scroll of fog {unknown}
 i - a scroll of blinking {unknown}
 m - 2 scrolls of identify {unknown}
 s - a scroll of fear {unknown}
Potions
 o - a potion of degeneration {unknown}
 p - a potion of cancellation {unknown}
 q - a potion of curing {unknown}
 r - a potion of magic {unknown}
 t - a potion of invisibility {unknown}
Comestibles
 c - 3 rations
 d - a chunk of flesh


   Skills:
 + Level 4.4 Fighting
 * Level 4.9 Axes
 + Level 3.4 Armour
 + Level 3.0 Dodging


You had 3 spell levels left.
You didn't know any spells.
Your spell library was empty.

Dungeon Overview and Level Annotations

Branches:
Dungeon (3/15)

Altars:
Makhleb


Innate Abilities, Weirdness & Mutations

You reflexively headbutt those who attack you in melee.
You have a pair of horns on your head.


Message History

You block the orc priest's attack.
The orc priest hits you but does no damage.
You hit the orc priest but do no damage.
The orc priest is moderately wounded.
The orc priest hits you with a +0 flail.
* * * LOW HITPOINT WARNING * * *
You hit the orc priest.
The orc priest is heavily wounded.
You block the orc priest's attack.
You hit the orc priest.
The orc priest is almost dead.
The orc priest hits you with a +0 flail.
* * * LOW HITPOINT WARNING * * *
You block the orc priest's attack.
You hit the orc priest but do no damage.
You headbutt the orc priest, but do no damage.
The orc priest is almost dead.
The orc priest invokes the aid of Beogh against you.
Pain shoots through your body!
You die...

##.##.# #
##...#.#
#.#.#.#..#
........#
#.#.#..#
#...#.## #.....#
###.#.# #@#.#
#o#.# #o#.#
#.#.############
#.#............#
#.############.#
#.# #.# #.# #.#
#.##


You could see an orc priest and an orc.

Vanquished Creatures
  Jessica (D:3)
  3 adders (D:2)
  An ooze (D:2)
  A worm (D:2)
  A dart slug (D:1)
  4 orcs (D:3)
  6 bats
  2 giant cockroaches
  6 hobgoblins
  A quokka (D:2)
  4 frilled lizards
  6 goblins
  4 kobolds
  4 rats
44 creatures vanquished.

Notes
Turn   | Place    | Note
-------+----------+-------------------------------------------
     0 | D:1      | Kahsius the Minotaur Berserker began the quest for the Orb.
     0 | D:1      | Reached XP level 1. HP: 19/19 MP: 0/0
    80 | D:1      | Reached XP level 2. HP: 13/27 MP: 1/1
   714 | D:2      | Reached ** piety under Trog
   714 | D:2      | Reached XP level 3. HP: 25/33 MP: 2/2
  1062 | D:2      | Found a burning altar of Makhleb.
  1258 | D:2      | Reached XP level 4. HP: 40/40 MP: 3/3
  1511 | D:2      | Noticed a balrug
  1515 | D:2      | Noticed a hellwing
  1515 | D:2      | Noticed a neqoxec
  1560 | D:3      | Noticed Jessica
  1565 | D:3      | Killed Jessica
  1687 | D:3      | Killed from afar by an orc priest

Skill      XL: |  1  2  3  4 |
---------------+-------------+-----
Axes           | 4 |  4.9
Fighting       | 4 |  4.4
Armour         | 3 |  3.4
Dodging        | 3 |  3.0

Action                   |  1- 3 |  4- 6 || total
-------------------------+-------+-------++-------
Melee: Hand axe          |   110 |    29 ||   139
       Headbutt          |    12 |     5 ||    17
Invok: Berserk           |       |     2 ||     2
       Trog's Hand       |       |     1 ||     1
  Eat: Chunk             |     1 |     3 ||     4
Armor: Animal skin       |    11 |       ||    11
       Plate armour      |    53 |    15 ||    68
Dodge: Dodged            |    33 |     9 ||    42
Block: Shield            |    17 |    10 ||    27
